 Dungeon Sprint DCSS version 0.31-a0-620-gd1cbd99268 (webtiles) character file.

Game seed: 6510687311941708755

42 zazu2006 the Destabilizer (level 3, 0/43 HPs)
             Began as a Gnoll Wanderer on Aug 23, 2023.
             Succumbed to a water moccasin's poison
             ... in the Dungeon (Sprint IX: "|||||||||||||||||||||||||||||").
             The game lasted 00:01:00 (97 turns).

zazu2006 the Destabilizer (Gnoll Wanderer)            Turns: 97, Time: 00:01:01

Health: 0/43       AC:  2    Str:  9    XL:     3   Next: 54%
Magic:  1/9        EV: 12    Int: 10    God:
Gold:   0          SH:  5    Dex: 16    Spells: 11/12 levels left

rFire   . . .        a - +0 short sword
rCold   . . .        b - +0 buckler
rNeg    . . .        d - +0 robe
rPois   .            (no helmet)
rElec   .            (no cloak)
rCorr   .            (no gloves)
SInv    .            (no boots)
Will    .....        (no amulet) Stlth
                     (no ring)
HPRegen 0.27/turn    (no ring)
MPRegen 0.11/turn

%: no teleportation
@: berserking, lethally poisoned (0 -> -15), very quick
A: fangs 1, strong nose, distributed training
a: no special abilities


You were in the Dungeon.
You visited 1 branch

Inventory:

Hand Weapons
 a - a +0 short sword (weapon)
Armour
 b - a +0 buckler (worn)
 d - a +0 robe (worn)
Scrolls
 c - a scroll of silence
 j - a scroll of blinking
Potions
 g - a potion of haste
 h - 2 potions of magic


   Skills:
 + Level 3.3 Fighting
 + Level 3.3 Short Blades
 + Level 2.1 Long Blades
 + Level 2.1 Axes
 + Level 2.1 Maces & Flails
 + Level 2.1 Polearms
 + Level 2.1 Staves
 + Level 2.1 Ranged Weapons
 + Level 2.1 Throwing
 + Level 2.1 Armour
 + Level 3.3 Dodging
 + Level 2.1 Stealth
 + Level 3.3 Shields
 + Level 2.1 Unarmed Combat
 + Level 5.4 Spellcasting
 + Level 1.7 Conjurations
 + Level 1.7 Hexes
 + Level 1.7 Summonings
 + Level 1.7 Necromancy
 + Level 1.7 Translocations
 + Level 7.3 Transmutations
 + Level 1.7 Fire Magic
 + Level 1.7 Ice Magic
 + Level 1.7 Air Magic
 + Level 1.7 Earth Magic
 + Level 1.7 Poison Magic
 + Level 2.3 Invocations
 + Level 2.1 Evocations
 + Level 1.9 Shapeshifting


You had 11 spell levels left.
You knew the following spells:

 Your Spells              Type           Power      Damage    Failure   Level
a - Sting                 Tmut/Pois      44%        1d5       4%          1

Your spell library contained the following spells:

 Spells                   Type           Power      Damage    Failure   Level
 Ignite Poison            Fire/Tmut/Pois 9%         N/A       22%         3
 Petrify                  Tmut/Erth      11%        N/A       45%         4


Dungeon Overview and Level Annotations

Branches:
Dungeon (1/1)

Altars:


Innate Abilities, Weirdness & Mutations

You have very sharp teeth.
Your uncanny sense of smell can sniff out nearby items.
Your experience applies equally to all skills.


Message History

Confirm with . or Enter, or press ? or * to list all spells.
Aiming: Sting (safe; 4% risk of failure)
Press: ? - help, Shift-Dir - straight line, f/p - water moccasin
Aim: a water moccasin (heavily wounded, poisoned, 53% to hit)
The sting misses the water moccasin.
The sting hits the iguana.
The iguana is poisoned.
The iguana is heavily wounded.
The water moccasin barely misses you. The water moccasin bites you.
Casting: Sting (safe; 4% risk of failure)
Confirm with . or Enter, or press ? or * to list all spells.
Aiming: Sting (safe; 4% risk of failure)
Press: ? - help, Shift-Dir - straight line, f/p - water moccasin
Aim: a water moccasin (severely wounded, poisoned, 53% to hit)
The sting misses the water moccasin.
The sting misses the iguana.
The sting hits the white imp.
The white imp is poisoned.
The white imp is lightly wounded.
The water moccasin bites you.
You are poisoned.
The water moccasin poisons you!
Casting: Sting (safe; 4% risk of failure)
Confirm with . or Enter, or press ? or * to list all spells.
You don't have enough magic to cast this spell.
Unknown command.
Unknown command.
Casting: Sting (safe; 4% risk of failure)
Confirm with . or Enter, or press ? or * to list all spells.
You don't have enough magic to cast this spell.
Unknown command.
Unknown command.
You closely miss the water moccasin.
The water moccasin is severely wounded.
You feel sick. The water moccasin bites you. The water moccasin bites you!
* * * LOW HITPOINT WARNING * * *
You feel better. The water moccasin bites you!
* * * LOW HITPOINT WARNING * * *
You are lethally poisoned!
The water moccasin poisons you!
A red film seems to cover your vision as you go berserk!
You feel yourself moving faster!
You feel mighty!
You die...

▓.▓
∆
▓'▓
∆
▓.▓
∆
▓.▓
∆
▓.▓
▓5▓
▓l▓
▓S▓
▓@▓
▓.▓
▓.▓
▓<▓
▓▓▓


You could see a water moccasin (poisoned), an iguana (poisoned) and a white imp
(poisoned).

Vanquished Creatures
  A jelly (D)
  A shadow imp (D)
  2 hobgoblins (D)
  2 kobolds (D)
  A rat (D)
7 creatures vanquished.

Notes
Turn   | Place    | Note
-------+----------+-------------------------------------------
     0 | D        | zazu2006 the Gnoll Wanderer began the quest for the Orb.
     0 | D        | zazu2006 set off with the following items: a +0 short
                  | sword, a +0 buckler, a scroll of silence, a +0 robe, a
                  | potion of curing, a potion of heal wounds, a potion of
                  | haste, 2 potions of magic, a potion of berserk rage, a
                  | scroll of blinking; and the following spell memorised:
                  | Sting; and the following spells available to memorise:
                  | Ignite Poison, Petrify.
     0 | D        | Reached XP level 1. HP: 17/17 MP: 6/6
     9 | D        | Reached skill level 5 in Spellcasting
    13 | D        | Reached skill level 1 in Invocations
    20 | D        | Reached skill level 1 in Long Blades
    20 | D        | Reached skill level 1 in Axes
    20 | D        | Reached skill level 1 in Maces & Flails
    20 | D        | Reached skill level 1 in Polearms
    20 | D        | Reached skill level 1 in Staves
    20 | D        | Reached skill level 1 in Ranged Weapons
    20 | D        | Reached skill level 1 in Throwing
    20 | D        | Reached skill level 1 in Armour
    20 | D        | Reached skill level 1 in Stealth
    20 | D        | Reached skill level 1 in Unarmed Combat
    20 | D        | Reached skill level 1 in Evocations
    66 | D        | Noticed an iguana
    66 | D        | Noticed a water moccasin
    66 | D        | Noticed a jelly
    75 | D        | Killed a jelly
    76 | D        | Reached skill level 1 in Conjurations
    76 | D        | Reached skill level 1 in Hexes
    76 | D        | Reached skill level 1 in Summonings
    76 | D        | Reached skill level 1 in Necromancy
    76 | D        | Reached skill level 1 in Translocations
    76 | D        | Reached skill level 1 in Fire Magic
    76 | D        | Reached skill level 1 in Ice Magic
    76 | D        | Reached skill level 1 in Air Magic
    76 | D        | Reached skill level 1 in Earth Magic
    76 | D        | Reached skill level 1 in Poison Magic
    76 | D        | Reached skill level 1 in Shapeshifting
    76 | D        | Reached XP level 2. HP: 12/24 MP: 4/8
    76 | D        | Reached XP level 3. HP: 14/29 MP: 4/9
    95 | D        | HP: 1/29 [water moccasin (9)]
    97 | D        | Succumbed to a water moccasin's poison

Illustrated notes

Levels and vault maps discovered:
D:        linesprint [early_d, line_temple, items_1, d_10, items_2, lair_1,
          lair_end, items_3, orc_1, orc_end, items_4, d_15, swamp_1, shoals_1,
          snake_1, spider_1, d_20, vaults_1, items_5, swamp_end, shoals_end,
          snake_end, spider_end, vaults_end, d_27, items_6, zot_1, zot_end,
          crypt_end, forest_end, elf_end, slime_end, tomb_end, abyss_end,
          pan_hell_end]

Skill      XL: |  1 |
---------------+----+-----
Spellcasting   | 5 |  5.4
Invocations    | 2 |  2.3
Long Blades    | 2 |  2.1
Axes           | 2 |  2.1
Maces & Flails | 2 |  2.1
Polearms       | 2 |  2.1
Staves         | 2 |  2.1
Ranged Weapons | 2 |  2.1
Throwing       | 2 |  2.1
Armour         | 2 |  2.1
Stealth        | 2 |  2.1
Unarmed Combat | 2 |  2.1
Evocations     | 2 |  2.1
Fighting       | 3 |  3.3
Short Blades   | 3 |  3.3
Dodging        | 3 |  3.3
Shields        | 3 |  3.3
Conjurations   | 1 |  1.7
Hexes          | 1 |  1.7
Summonings     | 1 |  1.7
Necromancy     | 1 |  1.7
Translocations | 1 |  1.7
Fire Magic     | 1 |  1.7
Ice Magic      | 1 |  1.7
Air Magic      | 1 |  1.7
Earth Magic    | 1 |  1.7
Poison Magic   | 1 |  1.7
Shapeshifting  | 1 |  1.9
Transmutations | |  7.3

Action                     || total
---------------------------++-------
  Melee: Short sword       ||    22
         Bite              ||     5
   Cast: Sting             ||    15
    Use: Potion            ||     3
 Armour: Robe              ||     6
  Dodge: Dodged            ||    11
  Block: Buckler           ||     5

Table legend: (Time is in decaauts)
 A = Elapsed time spent in this place.
 B = Non-inter-level travel time spent in this place.
 C = Inter-level travel time spent in this place.
 D = Time resting spent in this place.
 E = Time spent auto-exploring this place.
 F = Levels seen in this place.
 G = Mean time per level.
                   A        B        C        D        E       F      G
               +--------+--------+--------+--------+--------+-----+--------+
         Total |     95 |     95 |      0 |     41 |      0 |   1 |   95.0 |
       Dungeon |     95 |     95 |      0 |     41 |      0 |   1 |   95.0 |
               +--------+--------+--------+--------+--------+-----+--------+

Top non-repeatable levels by time:
       D: 95 daAuts
